 Dungeon Crawl Stone Soup version 0.24-a0-516-g9de272bb65 (webtiles) character file.

Game seed: 980469790068561936

39664 KristoblXynda the Unseen (level 13, -4/61 HPs)
             Began as a Spriggan Enchanter on July 21, 2019.
             Was an Initiate of Gozag.
             Slain by a wolf spider simulacrum (27 damage)
             ... on level 14 of the Dungeon.
             The game lasted 00:38:52 (16623 turns).

KristoblXynda the Unseen (Spriggan Enchanter)      Turns: 16623, Time: 00:38:54

Health: -4/61      AC:  6    Str:  9    XL:     13   Next: 70%
Magic:  20/32      EV: 25    Int: 22    God:    Gozag
Gold:   3411       SH: 11    Dex: 17    Spells: 29/40 levels left

rFire    + . .     SeeInvis +   q - +9 rapier (flame)
rCold    . . .     Gourm    .   m - +1 buckler
rNeg     + + +     Faith    .   s - +2 robe {rN+}
rPois    .         Spirit   .   (helmet restricted)
rElec    .         Reflect  +   p - +1 cloak
rCorr    .         Harm     .   (gloves unavailable)
MR       ++...                  (boots unavailable)
Stlth    ++++++....             D - +3 amulet of reflection
HPRegen  0.20/turn              t - +4 ring of strength
MPRegen  0.23/turn              F - ring "Sapohof" {rF+ rN++ Int+2}

@: gold aura, very quick
A: very small, unfitting armour, see invisible, herbivore, speed 3, slow
metabolism 2
a: Potion Petition, Call Merchant, Bribe Branch, Renounce Religion


You were on level 14 of the Dungeon.
You worshipped Gozag.
Gozag was most pleased with you.
You were not hungry.

You visited 1 branch of the dungeon, and saw 15 of its levels.
You visited the Abyss 1 time.

You collected 3434 gold pieces.
You paid 23 gold pieces to Gozag.

Inventory:

Hand Weapons
 a - a +0 vampiric rapier
 b - the +12 glaive of Prune {chop}
   (You found it on level 12 of the Dungeon)

   It inflicts extra damage upon your enemies.
 q - a +9 rapier of flaming (weapon)
Armour
 m - a +1 buckler (worn)
 p - a +1 cloak (worn)
 s - a +2 robe of positive energy (worn)
Jewellery
 t - a +4 ring of strength (left hand)
 v - an uncursed ring of positive energy
 w - an uncursed ring of ice
 D - a +3 amulet of reflection (around neck)
 F - the ring "Sapohof" (right hand) {rF+ rN++ Int+2}
   (You found it on level 10 of the Dungeon)

   [ring of protection from fire]

   It affects your intelligence (+2).
   It protects you from fire.
   It greatly protects you from negative energy.
Wands
 k - a wand of acid (2)
 r - a wand of paralysis (43)
 u - a wand of iceblast (5)
 I - a wand of digging (5)
Scrolls
 c - 3 scrolls of remove curse
 e - 7 scrolls of teleportation
 l - 3 scrolls of blinking
 y - a scroll of amnesia
 G - 4 scrolls of fear
 H - a scroll of identify
 J - a scroll of enchant armour
Potions
 f - 4 potions of flight
 g - 2 potions of might
 h - 8 potions of curing
 i - a potion of mutation
 n - 2 potions of cancellation
 o - a potion of magic
 x - a potion of brilliance
 z - a potion of agility
 A - a potion of invisibility
 B - 3 potions of haste
 C - 2 potions of heal wounds
 E - 2 potions of resistance
 K - a potion of ambrosia {unknown}
Comestibles
 d - 34 rations


   Skills:
 + Level 4.0 Fighting
 - Level 10.2 Short Blades
 - Level 10.0 Dodging
 - Level 15.0 Stealth
 + Level 4.6 Shields
 + Level 14.1 Spellcasting
 + Level 13.6 Hexes
 - Level 5.1 Evocations


You had 29 spell levels left.
You knew the following spells:

 Your Spells              Type           Power        Failure   Level  Hunger
a - Regeneration          Chrm/Necr      ###.......   14%         3    None
b - Ensorcelled Hibernat  Hex/Ice        #####.       1%          2    None
c - Confuse               Hex            ######..     1%          3    None
d - Tukima's Dance        Hex            ######..     1%          3    None

Your spell library contained the following spells:

 Spells                   Type           Power        Failure   Level  Hunger
 Corona                   Hex            ######.      1%          1    None
 Dazzling Spray           Conj/Hex       #####.       1%          3    None
 Portal Projectile        Hex/Tloc       #####.       1%          3    None
 Animate Skeleton         Necr           N/A          4%          1    None
 Beastly Appendage        Tmut           ###...       4%          1    None
 Pain                     Necr           ###.         4%          1    None
 Corpse Rot               Necr           N/A          7%          2    None
 Sticks to Snakes         Tmut           ###.....     7%          2    None
 Sublimation of Blood     Necr           ###.......   7%          2    None
 Gell's Gravitas          Tloc           ###.......   14%         3    None
 Spider Form              Tmut/Pois      ###.......   14%         3    None
 Vampiric Draining        Necr           ###.......   14%         3    None
 Animate Dead             Necr           N/A          43%         4    None
 Force Lance              Conj/Tloc      ###.....     43%         4    None
 Ice Form                 Ice/Tmut       ###.....     43%         4    None
 Agony                    Necr           ###.....     78%         5    ###....
 Blade Hands              Tmut           ###.......   78%         5    ###....
 Bolt of Draining         Conj/Necr      ###.......   78%         5    ###....
 Dispel Undead            Necr           ###.....     78%         5    ###....
 Excruciating Wounds      Chrm/Necr      ###.......   78%         5    ###....
 Dispersal                Tloc           ###.......   100%        6    #####..
 Controlled Blink         Tloc           N/A          100%        8    #######
 Disjunction              Tloc           ###.......   100%        8    #######


Dungeon Overview and Level Annotations

Branches:
Dungeon (15/15)            Temple (0/1) D:5            Lair (0/6) D:8
    Orc (0/2) D:10         Vaults (0/5) D:13
 Depths: D:15

Altars:
Ashenzari
Cheibriados
Gozag
Hepliaklqana
Nemelex Xobeh
Qazlal
Ru
Sif Muna
Trog
Uskayaw
Xom
Yredelemnul
Zin
The Shining One
Beogh

Shops:
D:4 }

Portals:
Trove: D:12 (show abyssal rune of Zot)

Annotations:
D:7 1 transporter, pk666's ghost, novice DEWz
D:8 2 transporters
D:10 Fannar
D:15 Jorgrun


Innate Abilities, Weirdness & Mutations

You are very small and have problems with some larger weapons.
You are too small for most types of armour.
You have supernaturally acute eyesight. (SInv)
You are a herbivore.
You cover ground extremely quickly.
You need to consume almost no food.


Message History

You see here a bolt.
The yaktaur shoots a bolt.
The bolt closely misses you.
You see here a bolt.
The yaktaur shoots a bolt.
The bolt misses you.
A bullfrog comes into view.
The bullfrog moves out of view.
There is a stone staircase leading down here.
Casting: Ensorcelled Hibernation (safe; 1% risk of failure)
Confirm with . or Enter, or press ? or * to list all spells.
Aiming: Ensorcelled Hibernation (safe; 1% risk of failure)
Press: ? - help, Shift-Dir - straight line, f - yaktaur
Aim: a yaktaur (chance to defeat MR: 52%)
The yaktaur looks drowsy...
You hit the wolf spider simulacrum.
You melt the wolf spider simulacrum.
The wolf spider simulacrum is lightly damaged.
You block the wolf spider simulacrum's attack.
The wolf spider simulacrum bites you.
The wolf spider simulacrum freezes you!!
You die...
Your body crumbles into a pile of gold.

### ... ###.#####
........####
.........((## ..
........##($# ...
........###$###....
.....$..###K$......
$
........@Zc..$.....
...................
...................
..........#..#.....
...........#.......
###..####.....#....
#.. #######.... ..
.Z.


You could see a yaktaur, a big kobold and a wolf spider simulacrum.

Vanquished Creatures
  An ironheart preserver (D:13)
  Snorg (D:12)
  2 ogre magi
  Erolcha (D:12)
  Harold (D:10)
  2 centaur warriors
  4 hydras
  A tengu warrior (D:13)
  5 two-headed ogres
  An unseen horror (shapeshifter) (D:13)
  5 wizards
  A wolf spider zombie (D:15)
  5 deep elf magi
  5 ugly things
  2 manticores
  Joseph (D:7)
  2 centaur zombies
  2 gargoyles (D:12)
  An efreet (D:10)
  A freezing wraith (D:15)
  3 yaktaurs
  6 trolls
  4 hornets
  2 hippogriffs
  Prince Ribbit (D:6)
  3 slime creatures (Abyss:3)
  2 dream sheep (D:9)
  A shadow (D:11)
  Sigmund (D:3)
  A centaur simulacrum (D:15)
  A wraith (D:10)
  A vampire (D:12)
  13 yaks
  Eustachio (D:4)
  A basilisk (D:11)
  4 vampire mosquitoes
  Grum (D:8)
  2 hungry ghosts
  An acid dragon (D:15)
  A water moccasin (D:12)
  4 orc warriors
  4 ice beasts
  4 sky beasts
  2 black bears
  A necrophage (D:13)
  6 ogres
  A boggart (D:14)
  2 phantoms
  15 centaurs
  2 wolves (D:8)
  4 big kobolds
  4 bullfrogs
  A wyvern zombie (D:14)
  A water moccasin zombie (D:6)
  6 scorpions
  2 wyvern skeletons
  24 killer bees
  13 wights
  2 howler monkeys (D:6)
  4 crimson imps
  A quasit (D:13)
  2 bullfrog zombies
  8 jellies
  A bullfrog skeleton (D:9)
  5 hounds
  Crazy Yiuf (D:2)
  5 centaur skeletons
  7 orc priests
  Jessica (D:2)
  3 iguanas
  Ijyb (D:5)
  7 orc wizards
  10 worker ants
  A hound skeleton (D:5)
  A worker ant zombie (D:5)
  Robin (D:4)
  A gnoll (D:7)
  12 adders
  5 shadow imps
  2 oozes (Abyss:3)
  2 adder zombies (D:9)
  6 worms
  A dart slug (D:1)
  3 leopard geckos
  25 orcs
  4 ball pythons
  9 bats
  7 giant cockroaches
  17 goblins
  9 hobgoblins
  20 jackals
  4 quokkas
  3 frilled lizards
  11 kobolds
  A leopard gecko skeleton (D:7)
  2 quokka skeletons
  8 rats
  A fungus (D:2)
404 creatures vanquished.

Vanquished Creatures (collateral kills)
  2 wights (D:7)
  A jelly (D:9)
3 creatures vanquished.

Vanquished Creatures (others)
  2 yaktaurs
  3 dancing weapons
  A jelly (D:15)
  2 fire vortices (Abyss:3)
  A fungus (D:6)
9 creatures vanquished.

Grand Total: 416 creatures vanquished

Notes
Turn   | Place    | Note
-------+----------+-------------------------------------------
     0 | D:1      | KristoblXynda the Spriggan Enchanter began the quest for
                  | the Orb.
     0 | D:1      | Reached XP level 1. HP: 9/9 MP: 5/5
   415 | D:1      | Reached XP level 2. HP: 12/13 MP: 4/6
  1081 | D:1      | Learned a level 2 spell: Ensorcelled Hibernation
  1309 | D:1      | Reached XP level 3. HP: 16/16 MP: 8/8
  1346 | D:2      | Noticed Jessica
  1357 | D:2      | Killed Jessica
  1357 | D:2      | Reached skill level 5 in Stealth
  1664 | D:2      | Reached XP level 4. HP: 20/21 MP: 10/10
  1755 | D:2      | Learned a level 3 spell: Confuse
  1759 | D:2      | Learned a level 3 spell: Tukima's Dance
  2224 | D:2      | Found a hazy altar of Hepliaklqana.
  2288 | D:2      | Found a hide-covered altar of Uskayaw.
  2492 | D:2      | Found a runed translucent door.
  2493 | D:2      | Noticed Crazy Yiuf
  2500 | D:2      | Killed Crazy Yiuf
  2730 | D:3      | Found a sparkling altar of Nemelex Xobeh.
  2730 | D:3      | Found an opulent altar of Gozag.
  2736 | D:3      | Became a worshipper of Gozag Ym Sagoz the Greedy
  3070 | D:3      | Reached XP level 5. HP: 24/24 MP: 12/12
  3481 | D:3      | Found a basalt altar of Yredelemnul.
  3622 | D:3      | Noticed Sigmund
  3674 | D:3      | Killed Sigmund
  3674 | D:3      | Reached skill level 6 in Stealth
  3674 | D:3      | Reached skill level 5 in Hexes
  3674 | D:3      | Reached XP level 6. HP: 16/28 MP: 1/14
  4145 | D:4      | Found Ahomo's Gadget Shop.
  4193 | D:4      | Noticed Eustachio
  4197 | D:4      | Killed Eustachio
  4197 | D:4      | Reached skill level 7 in Stealth
  4197 | D:4      | Reached skill level 5 in Spellcasting
  4386 | D:4      | Noticed Robin
  4430 | D:4      | Killed Robin
  4437 | D:4      | Reached XP level 7. HP: 21/32 MP: 3/15
  4671 | D:4      | You fall into a shaft and drop 2 floors!
  4725 | D:6      | Found a shattered altar of Ashenzari.
  4729 | D:6      | Saw a vision of the Swamp and the Spider Nest.
  4729 | D:6      | Noticed a wolf spider
  4729 | D:6      | Noticed an alligator
  4730 | D:6      | Noticed a redback
  4730 | D:6      | Noticed a redback
  4731 | D:6      | Noticed a redback
  5353 | D:6      | Found a sacrificial altar of Ru.
  5353 | D:6      | Noticed Prince Ribbit
  5356 | D:6      | Killed Prince Ribbit
  5356 | D:6      | Reached skill level 8 in Stealth
  5357 | D:6      | Found a glowing silver altar of Zin.
  5434 | D:6      | Found a bloodstained altar of Trog.
  5636 | D:5      | Entered Level 5 of the Dungeon
  5637 | D:5      | Reached skill level 5 in Short Blades
  5637 | D:5      | Reached XP level 8. HP: 36/36 MP: 18/18
  5672 | D:5      | Found a staircase to the Ecumenical Temple.
  5685 | D:5      | Found a stormy altar of Qazlal.
  5788 | D:5      | Reached skill level 9 in Stealth
  5921 | D:5      | Got a warped robe
  5932 | D:5      | Identified the cursed +0 robe "Peuf" {rElec Str+4 Int-5}
                  | (You found it on level 5 of the Dungeon)
  6078 | D:5      | Noticed Ijyb
  6090 | D:5      | Killed Ijyb
  6661 | D:5      | Reached skill level 5 in Dodging
  6726 | D:5      | Found a stormy altar of Qazlal.
  6852 | D:4      | Found a shimmering altar of Xom.
  7306 | D:7      | Reached skill level 10 in Stealth
  7309 | D:7      | Found a transporter.
  7309 | D:7      | Noticed pk666's ghost (novice DEWz)
  7313 | D:7      | Identified the +5 great mace "Orb Guardian's Curse" {holy,
                  | rF++ Str+4 Dex-4 SInv}
  7313 | D:7      | Noticed a two-headed ogre
  7354 | D:7      | Reached XP level 9. HP: 32/39 MP: 21/21
  7620 | D:7      | Noticed Joseph
  7639 | D:7      | Killed Joseph
  7896 | D:7      | Reached skill level 11 in Stealth
  8191 | D:7      | Found a glowing golden altar of the Shining One.
  8330 | D:8      | Found a staircase to the Lair.
  8406 | D:8      | Found a transporter.
  8413 | D:8      | Noticed Grum
  8415 | D:8      | Reached XP level 10. HP: 39/44 MP: 21/24
  8420 | D:8      | Killed Grum
  8883 | D:8      | Found a deep blue altar of Sif Muna.
  8917 | D:8      | Found a roughly hewn altar of Beogh.
  8917 | D:8      | Found a transporter.
  9064 | D:9      | Reached skill level 12 in Stealth
  9338 | D:9      | Noticed a two-headed ogre
  9352 | D:9      | Reached skill level 10 in Hexes
  9360 | D:9      | Killed a two-headed ogre
  9580 | D:9      | Reached skill level 10 in Spellcasting
  9695 | D:9      | Found a snail-covered altar of Cheibriados.
  9780 | D:9      | Reached skill level 1 in Evocations
  9791 | D:9      | Reached skill level 13 in Stealth
  9954 | D:9      | Noticed a two-headed hydra
  9977 | D:9      | Killed a two-headed hydra
 10127 | D:9      | Reached XP level 11. HP: 47/47 MP: 26/26
 10189 | D:10     | Entered Level 10 of the Dungeon
 10198 | D:10     | Noticed a two-headed ogre
 10211 | D:10     | Killed a two-headed ogre
 10485 | D:10     | Noticed an ogre mage
 10485 | D:10     | Noticed a six-headed hydra
 10485 | D:10     | Noticed a wizard
 10509 | D:10     | Killed an ogre mage
 10509 | D:10     | Killed a six-headed hydra
 10513 | D:10     | Reached skill level 5 in Evocations
 10612 | D:10     | Noticed Fannar
 10981 | D:10     | Reached skill level 14 in Stealth
 11158 | D:10     | Noticed Harold
 11165 | D:10     | Killed Harold
 11300 | D:10     | Found a staircase to the Orcish Mines.
 11316 | D:10     | Got a translucent steel ring
 11325 | D:10     | Identified the ring "Sapohof" {rF+ rN++ Int+2} (You found
                  | it on level 10 of the Dungeon)
 11352 | D:10     | Killed a wizard
 11818 | D:11     | Noticed a two-headed ogre
 11882 | D:11     | Killed a two-headed ogre
 12279 | D:11     | Noticed a brown ugly thing
 12281 | D:11     | Reached XP level 12. HP: 51/51 MP: 23/28
 12293 | D:11     | Reached skill level 15 in Stealth
 12835 | D:12     | Noticed Erolcha
 12836 | D:12     | Killed Erolcha
 12887 | D:12     | Found a portal to a secret trove of treasure.
 13067 | D:12     | Noticed Snorg
 13079 | D:12     | Killed Snorg
 13079 | D:12     | Reached skill level 10 in Dodging
 13169 | D:12     | Noticed a seven-headed hydra
 13509 | D:12     | Reached skill level 1 in Shields
 14045 | D:12     | Learned a level 3 spell: Regeneration
 14069 | D:12     | Noticed a seven-headed hydra
 14424 | D:12     | Killed a seven-headed hydra
 14424 | D:12     | Reached skill level 10 in Short Blades
 14531 | D:12     | Killed a seven-headed hydra
 14575 | D:12     | Noticed an ogre mage
 14589 | D:12     | Found the +12 glaive of Prune {chop}
 14652 | D:12     | Cast into level 3 of the Abyss (a wizard)
 14677 | Abyss:3  | Found a corrupted altar of Lugonu.
 14715 | Abyss:3  | Found a shimmering altar of Xom.
 14865 | D:12     | Escaped the Abyss
 14875 | D:12     | Reached skill level 1 in Fighting
 14875 | D:12     | Reached XP level 13. HP: 56/56 MP: 21/31
 15789 | D:13     | Noticed an ironheart preserver
 15805 | D:13     | Killed an ironheart preserver
 15808 | D:13     | Found a gate to the Vaults.
 16101 | D:15     | Entered Level 15 of the Dungeon
 16535 | D:15     | Noticed Jorgrun
 16623 | D:14     | Slain by a wolf spider simulacrum

Levels and vault maps discovered:
D:1:      evilmike_arrival_rings, layout_loops_corners, minmay_hedge_maze,
          minmay_distorted
D:2:      layout_loops_ring, marbit_many_paths, lemuel_crystal_altar,
          first_ration, uniq_jessica, uniq_crazy_yiuf_cottage
D:3:      layout_loops_corners, grunt_temple_overflow_opulence,
          nicolae_overflow_crystal_walls, uniq_sigmund
D:4:      layout_basic, serial_shops, shop_fountains, tgw_xom, uniq_robin,
          uniq_eustachio
D:5:      layout_gridville, overflow_temple_1_default,
          minmay_temple_entry_junction, nicolae_qazlal_general_emergency,
          uniq_ijyb
D:6:      layout_loops_ring, gammafunk_temple_overflow_pools, bloody_trog,
          serial_glass, glass_columns_b, glass_columns_c, moated_statue,
          grunt_ashenzari_visionary [grunt_ashenzari_visionary_swamp,
          grunt_ashenzari_visionary_spider], uniq_prince_ribbit1
D:7:      minmay_bubble_buster, layout_loops_ring,
          nicolae_overflow_hidden_temple, gammafunk_ghost_smash, uniq_joseph
D:8:      gammafunk_beogh_shrine, layout_loops_ring, lemuel_crystal_altar,
          lair_entry_dummy, uniq_grum
D:9:      layout_loops_cross, kennysheep_mini, hangedman_ranch
          [blue_anna_fruit_fields], minivault_1
D:10:     layout_long_grid, orc_0_dummy, minmay_radiant, uniq_harold,
          uniq_fannar
D:11:     layout_long_grid
D:12:     layout_loops_ring, nicolae_trove_entry_free_sample,
          minmay_guarded_unrand_prune, uniq_snorg, uniq_erolcha
D:13:     layout_cave_pools, skrybe_vaults_entry_preservation
D:14:     layout_rooms, serial_shops, shop, minmay_misc_feat_tower
D:15:     hangedman_depths_entry_try_elsewhere_first, layout_basic,
          serial_corexii_hall, chequers_hall_statues_y, corexii_hall_statues_t,
          corexii_hall_statues_l, corexii_hall_statues_l,
          nemelex_xobeh_ov_fountains_minmay, uniq_jorgrun

Skill      XL: |  1  2  3  4  5  6  7  8  9 10 11 12 13 |
---------------+----------------------------------------+-----
Spellcasting   | 3 4 5 6 7 9 10 11 13 14 | 14.1
Hexes          | 4 5 6 8 9 10 11 12 13 | 13.6
Short Blades   | 2 3 4 5 6 8 10 | 10.2
Stealth        | 5 6 7 8 10 11 13 14 15 | 15.0
Dodging        | 5 8 9 10 | 10.0
Evocations     | 3 5 |  5.1
Shields        | 2 4 |  4.6
Fighting       | 1 4 |  4.0

Action                   |  1- 3 |  4- 6 |  7- 9 | 10-12 | 13-15 || total
-------------------------+-------+-------+-------+-------+-------++-------
Melee: Dagger            |   121 |   205 |   135 |       |       ||   461
       Rapier            |       |       |   108 |   342 |   126 ||   576
 Cast: Corona            |    12 |       |       |       |       ||    12
       Ensorcelled Hiber |     5 |    43 |    46 |   148 |    31 ||   273
       Confuse           |       |     4 |    11 |    28 |    20 ||    63
       Tukima's Dance    |       |     1 |     5 |    12 |       ||    18
       Regeneration      |       |       |       |       |     1 ||     1
Evoke: Wand              |       |       |     1 |     8 |     3 ||    12
  Use: Scroll            |       |    11 |     8 |     6 |     5 ||    30
       Potion            |       |     2 |       |     2 |     1 ||     5
 Stab: Sleeping          |     8 |    34 |    50 |   105 |    22 ||   219
       Confused          |       |     2 |     5 |    11 |    13 ||    31
       Distracted        |       |     1 |     2 |     3 |     2 ||     8
       Paralysed         |       |       |     1 |       |       ||     1
  Eat: Ration            |       |     2 |     2 |     3 |     1 ||     8
Armor: Robe              |    12 |    21 |    17 |    24 |     7 ||    81
Dodge: Dodged            |   136 |   139 |   169 |   291 |    75 ||   810
Block: Buckler           |       |       |       |    17 |    64 ||    81
       Other             |       |       |       |     5 |       ||     5
       Reflection        |       |       |       |     1 |    15 ||    16

Table legend:
 A = Non-vault XP
 B = Vault XP
 C = Vault XP percentage of total XP
 D = Non-vault monster count
 E = Vault monster count
 F = Vault count percentage of total count
                 A         B        C        D         E       F
            +---------+---------+-------+---------+---------+-------
      Total |   36433 |   20230 |  35.7 |     330 |      78 |  19.1
            +---------+---------+-------+---------+---------+-------
        D:1 |      37 |       4 |   9.8 |      20 |       2 |   9.1
        D:2 |      55 |      80 |  59.3 |      18 |       3 |  14.3
        D:3 |      56 |     223 |  79.9 |      23 |       1 |   4.2
        D:4 |      76 |     311 |  80.4 |       8 |      17 |  68.0
        D:5 |     904 |      36 |   3.8 |      28 |       1 |   3.4
        D:6 |     330 |     264 |  44.4 |       7 |       1 |  12.5
        D:7 |    1070 |     995 |  48.2 |      16 |       8 |  33.3
        D:8 |    1262 |     403 |  24.2 |      21 |       3 |  12.5
        D:9 |    2797 |    2172 |  43.7 |      33 |       8 |  19.5
       D:10 |    4043 |    3588 |  47.0 |      31 |       5 |  13.9
       D:11 |    5507 |       0 |   0.0 |      44 |       0 |   0.0
       D:12 |    6259 |    8095 |  56.4 |      33 |      11 |  25.0
       D:13 |    4272 |    3111 |  42.1 |      12 |       9 |  42.9
       D:14 |    3290 |       0 |   0.0 |      13 |       0 |   0.0
       D:15 |    6475 |       0 |   0.0 |      23 |       0 |   0.0
    Abyss:3 |       0 |     948 | 100.0 |       0 |       9 | 100.0
            +---------+---------+-------+---------+---------+-------
